 Dungeon Sprint DCSS version 0.20.1-1-g8b1a95d (webtiles) character file.

1962 wojtek the Basher (level 9, -7/130 (133) HPs)
             Began as a Minotaur Berserker on Jan 2, 2018.
             Was an Elder of Trog.
             Mangled by a tentacle (19 damage)
             ... attached to a kraken
             ... in the Dungeon (Sprint II: "The Violet Keep of Menkaure").
             The game lasted 00:04:23 (1270 turns).

wojtek the Basher (Minotaur Berserker)              Turns: 1270, Time: 00:04:24

HP:   -7/130 (133)  AC: 19    Str: 30    XL:     9   Next: 0%
MP:   8/8           EV: 12    Int:  4    God:    Trog [****..]
Gold: 245           SH:  0    Dex: 10    Spells: 8/8 levels left

rFire    . . .     SeeInvis .   a - +0 mace
rCold    + . .     Gourm    .   (no shield)
rNeg     . . .     Faith    .   k - +4 plate armour {rC+}
rPois    .         Spirit   .   (helmet restricted)
rElec    .         Reflect  .   (no cloak)
rCorr    .         Harm     .   (no gloves)
MR       .....     NoTele   +   (no boots)
Stlth    ..........             (no amulet)
Regen    0.4/turn               (no ring)
MPRegen  0.2/turn               (no ring)

@: berserking (expiring), very quick
A: retaliatory headbutt, horns 2
a: Berserk, Trog's Hand, Brothers in Arms, Burn Spellbooks, Renounce Religion


You were in the Dungeon.
You worshipped Trog.
Trog was greatly pleased with you.
You were not hungry.

You visited 1 branch You collected 1053 gold pieces.
You spent 808 gold pieces at shops.

Inventory:

Hand Weapons
 a - a +0 mace (weapon)
Armour
 b - a +0 animal skin
 k - a +4 plate armour of cold resistance (worn)
Scrolls
 i - a scroll of blinking
Potions
 d - a potion of curing
 e - a potion of heal wounds
 f - a potion of haste
 g - 2 potions of magic
 h - a potion of berserk rage
Comestibles
 c - a bread ration
 j - 2 meat rations


   Skills:
 + Level 11.3 Fighting
 * Level 14.9 Maces & Flails
 + Level 11.1 Armour
 + Level 10.2 Dodging


You had 8 spell levels left.
You didn't know any spells.

Dungeon Overview and Level Annotations

Branches:
Dungeon (1/1)

Altars:
Cheibriados
Dithmenos
Elyvilon
Hepliaklqana
Kikubaaqudgha
Makhleb
Qazlal
Ru
Sif Muna
Trog
Uskayaw
Vehumet
Xom
Yredelemnul
Zin
The Shining One
Beogh
Jiyva
Lugonu

Shops:
D ::=%?![([=[=[!}%

Annotations:
D exclusion: oklob plant


Innate Abilities, Weirdness & Mutations

You reflexively headbutt those who attack you in melee.
You have a pair of horns on your head.


Message History

The tentacle is heavily wounded.
The tentacle slaps you.
* * * LOW HITPOINT WARNING * * *
Your unstable footing causes you to fumble your attack.
The tentacle closely misses you.
Your unstable footing causes you to fumble your attack.
Your unstable footing causes you to fumble your attack.
The tentacle slaps you!
* * * LOW HITPOINT WARNING * * *
You thump the tentacle! You headbutt the tentacle!
The tentacle is almost dead.
The tentacle slaps you!
* * * LOW HITPOINT WARNING * * *
You sock the tentacle!
You kill the tentacle!
The tentacle slaps you but does no damage.
You hit the tentacle.
The tentacle is lightly wounded.
A tentacle rises from the water!
The tentacle slaps you!!
You die...

#. +.### )▓)?[[$![$▓▓
...####▓"[$$$$=[▓▓
#..##.#▓[$?!?(%?▓▓
+..#.)#▓(()$![)?▓▓
#..#..#▓[[!$[(((▓▓
###..##(#▓?[!!$?(!▓▓
.###...##▓▓▓▓▓▓▓+▓▓▓▓+▓
...≈≈≈≈≈≈≈≈≈≈≈≈≈@w─Xw≈▓
...≈#+########+###.ww≈▓
≈..§#._..._..#t≈≈# ≈≈≈▓
≈≈§≈#.._._._.#≈§§≈# ##▓
≈≈≈§#._._._._#§§§§≈#
§≈≈≈#_._._._.#≈§§§§≈
≈§≈≈#._._._..#§§§§≈≈
##≈§#_._._...#§§≈§≈t


You could see a kraken and 4 tentacles.

Vanquished Creatures
  A merfolk siren (D)
  A polar bear (D)
  2 hippogriffs (D)
  4 necrophages (D)
  A crocodile (D)
  4 worker ants (D)
  2 tentacles (D)
15 creatures vanquished.

Vanquished Creatures (collateral kills)
  A yaktaur (D)
  A hornet (D)
  2 polar bears (D)
4 creatures vanquished.

Vanquished Creatures (others)
  Menkaure (D)
  A crocodile (D)
  4 tentacles (D)
6 creatures vanquished.

Grand Total: 25 creatures vanquished

Notes
Turn   | Place    | Note
-------+----------+-------------------------------------------
     0 | D        | wojtek the Minotaur Berserker began the quest for the Orb.
     0 | D        | Reached XP level 1. HP: 19/19 MP: 0/0
     1 | D        | Noticed a hippogriff
     1 | D        | Noticed a hippogriff
     7 | D        | Killed a hippogriff
     7 | D        | Reached skill level 9 in Maces & Flails
     7 | D        | Reached skill level 5 in Dodging
     7 | D        | Reached XP level 2. HP: 22/31 MP: 1/1
     7 | D        | Reached XP level 3. HP: 27/38 MP: 2/2
     7 | D        | Reached XP level 4. HP: 32/45 MP: 3/3
     7 | D        | Reached XP level 5. HP: 36/51 MP: 4/4
    12 | D        | Killed a hippogriff
    12 | D        | Reached skill level 10 in Maces & Flails
    12 | D        | Reached XP level 6. HP: 15/61 MP: 5/5
    28 | D        | Killed Menkaure
   255 | D        | Reached ** piety under Trog
   255 | D        | Reached skill level 11 in Maces & Flails
   480 | D        | Reached *** piety under Trog
   480 | D        | Reached XP level 7. HP: 53/69 MP: 6/6
   486 | D        | Reached skill level 12 in Maces & Flails
   820 | D        | Noticed a merfolk siren
   830 | D        | Killed a merfolk siren
   830 | D        | Reached **** piety under Trog
   830 | D        | Reached skill level 10 in Fighting
   830 | D        | Reached skill level 13 in Maces & Flails
   830 | D        | Reached skill level 10 in Armour
   830 | D        | Reached XP level 8. HP: 67/77 MP: 7/7
   835 | D        | Found Ohameoce's Gadget Emporium.
   835 | D        | Found Zaos's Jewellery Shoppe.
   835 | D        | Found Kigag's Antique Armour Emporium.
   835 | D        | Found Faoneur's Antique Weapon Shoppe.
   835 | D        | Found Joucoucs's Jewellery Shoppe.
   835 | D        | Found Keihy's Antique Armour Emporium.
   836 | D        | Found Engihupo's Magic Scroll Shoppe.
   836 | D        | Found Wouzuo's Food Emporium.
   836 | D        | Found Eqaor's Distillery.
   836 | D        | Found Vuicus's Food Shoppe.
   836 | D        | Found Taose's Antique Armour Emporium.
   837 | D        | Found Odooth's Jewellery Shoppe.
   837 | D        | Found Kyra Kad's Armour Shoppe.
   837 | D        | Found Ocaon's Distillery.
   837 | D        | Found Woqigagg's Book Emporium.
   837 | D        | Noticed a manticore
   848 | D        | Noticed a manticore
   848 | D        | Noticed a manticore
   848 | D        | Noticed an oklob plant
   849 | D        | Found Jughyuf's Book Shoppe.
   853 | D        | Noticed a spiny frog
   858 | D        | Noticed a spiny frog
   872 | D        | Bought a meat ration for 70 gold pieces
   872 | D        | Bought a meat ration for 70 gold pieces
   872 | D        | Bought a meat ration for 70 gold pieces
   882 | D        | Bought a glowing plate armour for 598 gold pieces
   925 | D        | Found a glowing silver altar of Zin.
   926 | D        | Found a glowing golden altar of the Shining One.
   926 | D        | Found a basalt altar of Yredelemnul.
   926 | D        | Found a hide-covered altar of Uskayaw.
   927 | D        | Found a shimmering altar of Xom.
   927 | D        | Found a bloodstained altar of Trog.
   930 | D        | Found a deep blue altar of Sif Muna.
   930 | D        | Found a corrupted altar of Lugonu.
   930 | D        | Found a radiant altar of Vehumet.
   930 | D        | Found a burning altar of Makhleb.
   931 | D        | Found a sacrificial altar of Ru.
   931 | D        | Found an ancient bone altar of Kikubaaqudgha.
   931 | D        | Found a white marble altar of Elyvilon.
   932 | D        | Found a stormy altar of Qazlal.
   932 | D        | Found a viscous altar of Jiyva.
   932 | D        | Found a shadowy altar of Dithmenos.
   933 | D        | Found a hazy altar of Hepliaklqana.
   933 | D        | Found a snail-covered altar of Cheibriados.
   934 | D        | Found a roughly hewn altar of Beogh.
   962 | D        | Noticed a yaktaur
   962 | D        | Noticed a hornet
   962 | D        | Noticed a polar bear
   963 | D        | Noticed a polar bear
   964 | D        | Noticed a polar bear
   970 | D        | Killed a polar bear
   973 | D        | Killed a hornet
   973 | D        | Reached skill level 14 in Maces & Flails
   976 | D        | Killed a polar bear
   987 | D        | Killed a polar bear
   987 | D        | Reached skill level 10 in Dodging
   991 | D        | Killed a yaktaur
   991 | D        | Reached XP level 9. HP: 50/87 MP: 8/8
  1153 | D        | Noticed a kraken
  1270 | D        | Mangled by a tentacle

Skill      XL: |  1  2  3  4  5  6  7  8 |
---------------+-------------------------+-----
Fighting       | 6 8 9 10 11 | 11.3
Maces & Flails | 9 10 11 13 14 | 14.9
Armour         | 6 7 8 10 11 | 11.1
Dodging        | 5 7 9 10 | 10.2

Action                   |  1- 3 |  4- 6 |  7- 9 || total
-------------------------+-------+-------+-------++-------
Melee: Mace              |     5 |    21 |    75 ||   101
       Headbutt          |     2 |    10 |    12 ||    24
Invok: Berserk           |     1 |       |     1 ||     2
       Brothers in Arms  |       |       |     1 ||     1
  Eat: Meat ration       |       |       |     1 ||     1
Armor: Animal skin       |       |       |     1 ||     1
       Plate armour      |       |       |    29 ||    29
Dodge: Dodged            |     6 |     6 |    35 ||    47
